 Dungeon Crawl Stone Soup version 0.22-a0-3-g4fa69d9a97 (webtiles) character file.

701 Manul the Sneak (level 7, -4/37 HPs)
             Began as a Spriggan Abyssal Knight on Jan 1, 2018.
             Was a Believer of Lugonu.
             Killed from afar by an orc wizard (11 damage)
             ... with a puff of flame
             ... on level 4 of the Dungeon.
             The game lasted 00:05:46 (4953 turns).

Manul the Sneak (Spriggan Abyssal Knight)           Turns: 4953, Time: 00:05:47

Health: -4/37      AC:  2    Str:  8    XL:     7   Next: 38%
Magic:  9/9        EV: 21    Int: 19    God:    Lugonu [**....]
Gold:   334        SH:  0    Dex: 17    Spells: 6/6 levels left

rFire    . . .     SeeInvis +   m - +5 dagger
rCold    . . .     Gourm    .   (shield restricted)
rNeg     . . .     Faith    .   b - +0 robe
rPois    .         Spirit   .   (helmet restricted)
rElec    .         Reflect  .   (no cloak)
rCorr    .         Harm     .   (gloves unavailable)
MR       +....                  (boots unavailable)
Stlth    +++.......             (no amulet)
HPRegen  0.12/turn              (no ring)
MPRegen  0.11/turn              (no ring)

@: brilliant, berserk cooldown, slowed, quick
A: very small, unfitting armour, see invisible, herbivore, speed 3, slow
metabolism 2
a: Depart the Abyss, Bend Space, Renounce Religion


You were on level 4 of the Dungeon.
You worshipped Lugonu.
Lugonu was pleased with you.
You were not hungry.

You visited 1 branch of the dungeon, and saw 4 of its levels.
You visited the Abyss 1 time.

You collected 334 gold pieces.

Inventory:

Hand Weapons
 a - a +1 short sword
 m - a +5 dagger (weapon)
 q - a -2 blowgun
Missiles
 r - 8 poisoned needles
Armour
 b - a +0 robe (worn)
 t - a scarf of spirit shield
Scrolls
 d - 2 scrolls of remove curse
 h - a scroll of fear {unknown}
 i - a scroll of noise {unknown}
 j - a scroll of amnesia {unknown}
 k - 3 scrolls of teleportation
 l - a scroll of magic mapping
 o - 2 scrolls of enchant weapon
Potions
 e - a potion of curing
 f - 3 potions of flight
 n - a potion of agility
Comestibles
 c - 6 rations


   Skills:
 + Level 3.9 Fighting
 + Level 5.0 Short Blades
 + Level 1.0 Throwing
 + Level 5.7 Dodging
 * Level 6.5 Stealth
 + Level 1.7 Invocations
   Level 2.2 Evocations


You had 6 spell levels left.
You didn't know any spells.

Dungeon Overview and Level Annotations

Branches:
Dungeon (4/15)
 Temple: D:4-7

Altars:


Innate Abilities, Weirdness & Mutations

You are very small and have problems with some larger weapons.
You are too small for most types of armour.
You have supernaturally acute eyesight. (SInv)
You are a herbivore.
You cover ground extremely quickly.
You need consume almost no food.


Message History

You feel sick.
An adder comes into view.
You found a teleport trap!
The adder completely misses you.
Really walk into that teleport trap?
You enter a teleport trap!
The teleport trap disappears.
Your surroundings suddenly seem different.
A leopard gecko and an orc wizard come into view.
You feel sick.
The orc wizard shouts!
You hear a shout!
You hear a bark!
Found 27 arrows.
Found an escape hatch in the ceiling.
Found a stone staircase leading down.
An orc warrior comes into view. It is wielding a dire flail.
You feel a little less agile now.
There is an escape hatch in the ceiling here.
You can't go down here!
You feel sick.
You are no longer poisoned.
The orc wizard casts a spell at you. The puff of flame hits you!
You die...

,,,,,,*,*,,* *,,,,,,,,,,*
,,,,,,,,,..* *,,,,,,,,,,*
,,*,,,*.##.###(..,,,,,,.**
,,#..,,,..>.....,,,,,,..,*
,,#.#,#,*#...o.#*,,,,...,*
**#.#.#,*#....l**,,,....,*
###.#.#,*#....#***,.....**
....#.####...o####......*
................@.......*
.ยง....####....####......*
....#** ###### *,.....*
.##e# *,,....* .*#.#
*,,,...* .*#.#########
*,,,,..* .*#..e..S...#
******#* #*#########.# *
#.#


You could see an orc wizard.

Vanquished Creatures
  Sigmund (D:2)
  Duvessa (D:4)
  A small abomination (Abyss:2)
  Dowan (D:4)
  A centaur skeleton (D:4)
  2 hounds (D:4)
  3 orc wizards (D:4)
  3 adders
  3 oozes
  2 worms
  3 dart slugs
  5 leopard geckos
  8 orcs
  3 bats
  2 giant cockroaches
  9 hobgoblins
  4 jackals (D:1)
  8 kobolds
  3 quokkas
  2 ball pythons
  3 frilled lizards
  7 goblins
  A jackal skeleton (D:4)
  6 rats
82 creatures vanquished.

Vanquished Creatures (others)
  An orc wizard (D:4)
1 creature vanquished.

Grand Total: 83 creatures vanquished

Notes
Turn   | Place    | Note
-------+----------+-------------------------------------------
     0 | Abyss:1  | Manul the Spriggan Abyssal Knight began the quest for the Orb.
     0 | Abyss:1  | Reached XP level 1. HP: 11/11 MP: 3/3
   141 | Abyss:2  | Noticed a small abomination
   150 | Abyss:2  | Killed a small abomination
   150 | Abyss:2  | Reached skill level 2 in Stealth
   150 | Abyss:2  | Reached XP level 2. HP: 16/16 MP: 4/4
   150 | Abyss:2  | Reached XP level 3. HP: 20/20 MP: 5/5
   172 | Abyss:2  | Noticed a hell hog
   183 | Abyss:2  | Noticed a thrashing horror
   191 | D:1      | Escaped the Abyss
   713 | D:1      | Reached XP level 4. HP: 24/24 MP: 6/6
   835 | D:1      | Reached * piety under Lugonu
   835 | D:1      | Reached skill level 3 in Stealth
  2451 | D:2      | Noticed Sigmund
  2463 | D:2      | Killed Sigmund
  2463 | D:2      | Reached skill level 4 in Stealth
  2463 | D:2      | Reached XP level 5. HP: 14/28 MP: 7/7
  2463 | D:2      | Reached XP level 6. HP: 16/32 MP: 8/8
  3278 | D:3      | Reached ** piety under Lugonu
  3737 | D:3      | Reached skill level 5 in Stealth
  4245 | D:4      | Noticed Duvessa
  4245 | D:4      | Noticed Dowan
  4886 | D:4      | Reached skill level 5 in Dodging
  4906 | D:4      | Reached XP level 7. HP: 32/37 MP: 9/9
  4920 | D:4      | Killed Duvessa
  4920 | D:4      | Reached skill level 6 in Stealth
  4926 | D:4      | Killed Dowan
  4939 | D:4      | Reached skill level 5 in Short Blades
  4939 | D:4      | Reached skill level 1 in Throwing
  4953 | D:4      | Killed from afar by an orc wizard

Vault maps used:
D:1:      mrwooster_arrival_statue_3
D:2:      minmay_crystal_room, minmay_misc_feat_alley, uniq_sigmund
D:3:      first_ration, kennysheep_generic_room_7
D:4:      uniq_duvessa

Skill      XL: |  1  2  3  4  5  6  7 |
---------------+----------------------+-----
Fighting       | 3 |  3.9
Stealth        | 2 4 5 6 |  6.5
Evocations     | 2 |  2.2
Dodging        | 4 5 |  5.7
Short Blades   | 3 4 5 |  5.0
Throwing       | 1 |  1.0
Invocations    | |  1.7

Action                   |  1- 3 |  4- 6 |  7- 9 || total
-------------------------+-------+-------+-------++-------
Melee: Short sword       |     2 |   108 |       ||   110
       Dagger            |       |   153 |    29 ||   182
 Fire: Blowgun           |       |     4 |       ||     4
Invok: Depart the Abyss  |     1 |       |       ||     1
Evoke: Wand              |     4 |     1 |       ||     5
  Use: Potion            |       |     7 |     1 ||     8
       Scroll            |       |     6 |       ||     6
 Stab: Sleeping          |       |    10 |       ||    10
  Eat: Ration            |       |     1 |       ||     1
Armor: Robe              |       |     6 |       ||     6
       Skin              |       |    38 |    12 ||    50
Dodge: Dodged            |     2 |   207 |     4 ||   213

Table legend:
 A = Spawn XP
 B = Non-spawn XP
 C = Spawn XP percentage of total XP
 D = Spawn monster count
 E = Non-spawn monster count
 F = Spawn count percentage of total count
 G = Total turns spent on level
                    A         B        C        D         E        F      G
               +---------+---------+-------+---------+---------+-------+---------
         Total |       0 |    1002 |   0.0 |       0 |      83 |   0.0 |  4953
               +---------+---------+-------+---------+---------+-------+---------
           D:1 |       0 |      48 |   0.0 |       0 |      26 |   0.0 |  1783
           D:2 |       0 |     276 |   0.0 |       0 |      17 |   0.0 |   964
           D:3 |       0 |      85 |   0.0 |       0 |      24 |   0.0 |  1383
           D:4 |       0 |     499 |   0.0 |       0 |      15 |   0.0 |   632
       Abyss:2 |       0 |      94 |   0.0 |       0 |       1 |   0.0 |   147
               +---------+---------+-------+---------+---------+-------+---------
